 Dungeon Crawl Stone Soup version 0.17-a0-737-gf0a300a (webtiles) character file.

308 Ngotmuk the Covered (level 6, -4/56 HPs)
             Began as a Deep Dwarf Fighter on Apr 26, 2015.
             Slain by an ogre
             ... wielding a +0 giant club
              (15 damage)
             ... on level 5 of the Dungeon.
             The game lasted 00:06:48 (2282 turns).

Ngotmuk the Covered (Deep Dwarf Fighter)            Turns: 2282, Time: 00:06:48

Health: -4/56      AC:  8    Str: 21    XL:     6   Next: 17%
Magic:  6/6        EV: 14    Int:  9    God:
Gold:   149        SH:  9    Dex: 12    Spells: 0 memorised, 5 levels left

rFire  . . .     SeeInvis .     v - +2 dagger (vamp)
rCold  . . .     Clarity  .     b - +0 scale mail
rNeg   . . .     SustAb   .     c - +0 shield
rPois  .         Gourm    .     (no helmet)
rElec  .         Spirit   .     (no cloak)
rCorr  .         Warding  .     (no gloves)
rMut   .         Stasis   .     s - +0 pair of boots
MR     .....                    (no amulet)
Stlth  +.........               o - +2 ring of evasion
                                h - +4 ring of evasion

@: non-regenerating, not resistant to hostile enchantments, very unstealthy
A: damage resistance, recharge devices, sense surroundings 1, slow healing 3
a: Device Recharging


You were on level 5 of the Dungeon.
You were not hungry.

You visited 1 branch of the dungeon, and saw 5 of its levels.

You collected 149 gold pieces.

Inventory:

Hand weapons
 a - a +0 war axe
 v - a +2 vampiric dagger (weapon)
Armour
 b - a +0 scale mail (worn)
 c - a +0 shield (worn)
 s - a +0 pair of boots (worn)
Jewellery
 h - a +4 ring of evasion (left hand)
 m - an uncursed ring of ice
 o - a +2 ring of evasion (right hand)
Magical devices
 e - a wand of heal wounds (4)
Scrolls
 g - 2 scrolls of enchant armour {unknown}
 i - 3 scrolls of fog {unknown}
 j - 4 scrolls of immolation {unknown}
 k - 2 scrolls of teleportation {unknown}
 l - 2 scrolls of enchant weapon {unknown}
 n - a scroll of amnesia {unknown}
 p - 2 scrolls of fear {unknown}
 q - 4 scrolls of identify {unknown}
 y - a scroll of noise {unknown}
 C - a scroll of recharging {unknown}
Potions
 d - a potion of might
 r - a potion of ambrosia {unknown}
 t - a potion of invisibility {unknown}
 x - a potion of beneficial mutation {unknown}
 z - a potion of brilliance {unknown}
 A - a potion of heal wounds {unknown}
 B - a potion of curing {unknown}
Comestibles
 f - a bread ration
 u - 4 fruits


   Skills:
 + Level 3.6 Fighting
 + Level 3.4 Axes
 + Level 4.3 Armour
 * Level 2.5 Dodging
 + Level 3.0 Stealth
 + Level 4.2 Shields


You had 5 spell levels left.
You didn't know any spells.

Dungeon Overview and Level Annotations

Branches:
Dungeon (5/15)             Temple (0/1) D:5

Altars:
Cheibriados
Nemelex Xobeh
Trog
Xom
Yredelemnul

Annotations:
D:3 Ngotmuk's ghost, average DDFi


Innate Abilities, Weirdness & Mutations

You are resistant to damage.
You can recharge devices by infusing magical energy.
You passively map a small area around you.
You do not heal naturally.


Message History

* * * LOW HITPOINT WARNING * * *
You hit the ogre.
You feel better.
The ogre is heavily wounded.
The ogre hits you with a giant club.
* * * LOW HITPOINT WARNING * * *
You hit the ogre.
You feel better.
The ogre is heavily wounded.
You block the ogre's attack.
You hit the ogre.
You feel better.
The ogre is severely wounded.
The ogre closely misses you.
You closely miss the ogre.
The ogre is severely wounded.
The ogre closely misses you.
You hit the ogre.
The ogre is almost dead.
You hit the ogre.
The ogre is almost dead.
The ogre hits you with a giant club!!
You die...

, * #..#≈≈≈#...#≈≈≈# # *
#..#≈≈≈#.>.#≈≈≈#
.########..#≈≈≈#.$.#≈≈≈#
...........#≈≈≈##.##≈≈≈#
*
#########..#≈≈≈≈#.#≈≈≈≈#
#..# #..#≈≈≈S#.#≈≈≈≈#
#..# #..#≈≈≈Z#.#≈≈≈≈#
#..# ##.######.######
#..# #....@O...# #..#
#.######### , #..###.# ,
#......# * ########


You could see an ogre.

Vanquished Creatures
  A giant frog skeleton (D:4)
  An orc wizard (D:4)
  Jessica (D:2)
  Terence (D:2)
  3 worker ants (D:4)
  4 adders
  An adder skeleton (D:4)
  3 worms (D:2)
  3 giant geckos (D:1)
  4 orcs
  7 giant cockroaches
  7 hobgoblins
  2 quokkas
  2 ball pythons
  9 bats
  3 giant newts
  7 goblins
  6 jackals
  8 kobolds
  12 rats
85 creatures vanquished.

Notes
Turn   | Place    | Note
--------------------------------------------------------------
     0 | D:1      | Ngotmuk, the Deep Dwarf Fighter, began the quest for the Orb.
     0 | D:1      | Reached XP level 1. HP: 20/20 MP: 1/1
    28 | D:1      | Reached skill level 1 in Stealth
   103 | D:1      | Reached XP level 2. HP: 24/27 MP: 2/2
   327 | D:1      | Reached XP level 3. HP: 17/33 MP: 3/3
   649 | D:2      | Noticed Terence
   661 | D:2      | Killed Terence
   661 | D:2      | Reached XP level 4. HP: 12/42 MP: 4/4
   741 | D:2      | Reached skill level 1 in Dodging
  1097 | D:2      | Noticed Jessica
  1098 | D:2      | Found a sparkling altar of Nemelex Xobeh.
  1114 | D:2      | Killed Jessica
  1351 | D:3      | Noticed Ngotmuk's ghost (average DDFi)
  1367 | D:4      | Reached XP level 5. HP: 28/49 MP: 5/5
  1379 | D:4      | Reached skill level 4 in Shields
  1720 | D:4      | Found a bloodstained altar of Trog.
  1725 | D:4      | Found a basalt altar of Yredelemnul.
  1727 | D:4      | Found a shimmering altar of Xom.
  2016 | D:4      | Reached XP level 6. HP: 35/56 MP: 6/6
  2088 | D:4      | Found a snail-covered altar of Cheibriados.
  2148 | D:5      | Entered Level 5 of the Dungeon
  2262 | D:5      | Found a staircase to the Ecumenical Temple.
  2282 | D:5      | Slain by an ogre

Action                   |  1- 3 |  4- 6 || total
-------------------------+-------+-------++-------
Melee: War axe           |   112 |   105 ||   217
       Dagger            |       |   105 ||   105
Evoke: Wand              |       |     1 ||     1
  Eat: Bread ration      |       |     2 ||     2
       Pizza             |       |     1 ||     1
